 Dungeon Crawl Stone Soup version 0.25.1-8-g42b30a86e7 (webtiles) character file.

Game seed: 3131288241199099035

2442 Abzac the Protected (level 9, -10/79 HPs)
             Began as a Minotaur Fighter on Dec 15, 2020.
             Was a Believer of Okawaru.
             Mangled by an orc warrior
             ... wielding a +0 dire flail
              (13 damage)
             ... on level 7 of the Dungeon.
             The game lasted 00:41:23 (8388 turns).

Abzac the Protected (Minotaur Fighter)              Turns: 8388, Time: 00:41:24

Health: -10/79     AC:  8    Str: 22 (24) XL:     9   Next: 25%
Magic:  8/8        EV: 14    Int:  2 (5)  God:    Okawaru [**....]
Gold:   466        SH: 11    Dex:  9 (10) Spells: 8/8 levels left

rFire    . . .     SeeInvis .   s - +1 short sword (vamp)
rCold    . . .     Gourm    .   c - +1 kite shield
rNeg     . . .     Faith    +   m - +0 ring mail
rPois    .         Spirit   .   (helmet restricted)
rElec    .         Reflect  .   M - +0 cloak
rCorr    .         Harm     .   (no gloves)
MR       .....                  (no boots)
Stlth    +.........             B - amulet of faith
HPRegen  0.23/turn              x - +4 ring of evasion
MPRegen  0.11/turn              (no ring)

@: marked
A: retaliatory headbutt, horns 2
a: Heroism, Renounce Religion


You were on level 7 of the Dungeon.
You worshipped Okawaru.
Okawaru was pleased with you.
You were not hungry.

You visited 2 branches of the dungeon, and saw 9 of its levels.

You collected 466 gold pieces.

Inventory:

Hand Weapons
 a - a +0 long sword
 j - a +0 falchion
 k - a +1 dagger of venom
 s - a +1 vampiric short sword (weapon)
 H - a +0 long sword
 J - a +0 falchion
Missiles
 K - 10 sling bullets
Armour
 b - a +0 scale mail
 c - a +1 kite shield (worn)
 h - a +0 ring mail
 l - a +0 scale mail
 m - a +0 ring mail (worn)
 D - a +0 cloak
 M - a +0 cloak (worn)
Jewellery
 e - an uncursed ring of wizardry
 x - a +4 ring of evasion (left hand)
 B - an amulet of faith (around neck)
 N - an uncursed amulet of guardian spirit {unknown}
Wands
 F - a wand of polymorph (8)
 G - a wand of disintegration (15)
 L - a wand of flame (16)
Scrolls
 i - 4 scrolls of enchant armour
 n - 4 scrolls of teleportation {unknown}
 u - 2 scrolls of remove curse
 v - a scroll of immolation {unknown}
 y - 6 scrolls of magic mapping
 E - a scroll of blinking
 I - 2 scrolls of amnesia
 O - a scroll of vulnerability {unknown}
Potions
 d - a potion of might
 g - 5 potions of stabbing
 o - a potion of lignification
 q - 2 potions of curing
 r - 2 potions of invisibility {unknown}
 t - a potion of mutation {unknown}
 w - a potion of brilliance {unknown}
 z - a potion of flight
 A - 2 potions of heal wounds {unknown}
 C - a potion of magic {unknown}
Comestibles
 f - 11 rations


   Skills:
 * Level 7.2 Fighting
 - Level 1.4(5.0) Short Blades
 - Level 8.5(8.6) Long Blades
 + Level 9.1 Armour
 - Level 4.0 Dodging
 + Level 1.6 Stealth
 + Level 5.4 Shields


You had 8 spell levels left.
You didn't know any spells.
Your spell library was empty.

Dungeon Overview and Level Annotations

Branches:
Dungeon (8/15)             Temple (1/1) D:6
   Lair: D:8-11

Altars:
Ashenzari
Cheibriados
Dithmenos
Elyvilon
Fedhas
Hepliaklqana
Kikubaaqudgha
Okawaru
Qazlal
Ru
Sif Muna
Trog
Uskayaw
Vehumet
Yredelemnul
Zin
The Shining One

Annotations:
D:4 Pikel
D:8 Harold


Innate Abilities, Weirdness & Mutations

You reflexively headbutt those who attack you in melee.
You have a pair of horns on your head.


Message History

The orc warrior is severely wounded.
The orc warrior hits you with a +0 dire flail.
* * * LOW HITPOINT WARNING * * *
You puncture the orc warrior!
You feel better.
The orc warrior is almost dead.
You hit the orc warrior but do no damage.
The orc warrior is almost dead.
The orc warrior hits you with a +0 dire flail!!
* * * LOW HITPOINT WARNING * * *
You closely miss the orc warrior.
The orc warrior is almost dead.
You block the orc warrior's attack.
You closely miss the orc warrior.
The orc warrior is almost dead.
You block the orc warrior's attack.
You hit the orc warrior but do no damage.
Your headbutt misses the orc warrior.
The orc warrior is almost dead.
The orc warrior hits you with a +0 dire flail!
You die...

###..#..........###.#..#
..(......####.....#....#
########.# #.#.#.#.#..#
#.# #.#........# #.#
#.##..#.##.#
#.####.....#.##.#
#........[....#.#
##.#####o.......# #.#
##@....###
#####.######..#.##
#.............#.#
#...............#
#.........###.#.#
##.##.###.# #.#.#
#.##.###.###.#.# ####
#.##.##...##.#.# #..#
#.##.......<.#.# ##.#


You could see an orc warrior.

Vanquished Creatures
  A spriggan (D:7)
  4 slaves
  A black bear (D:7)
  2 ice beasts (D:6)
  An orc warrior (D:6)
  A necrophage (D:7)
  A phantom (D:8)
  A sky beast (D:7)
  2 ogres
  A centaur (D:6)
  3 bullfrogs (D:7)
  A water moccasin zombie (D:7)
  2 scorpions (D:6)
  2 howler monkeys
  4 crimson imps
  2 hounds
  3 jellies
  A bullfrog skeleton (D:7)
  3 orc priests
  Crazy Yiuf (D:7)
  An orc wizard (D:4)
  Jessica (D:2)
  An iguana (D:4)
  Natasha (thrice) (D:2)
  5 worker ants
  A hound zombie (D:6)
  2 hound skeletons
  8 adders
  3 shadow imps (D:6)
  An ooze (D:2)
  An adder skeleton (D:4)
  4 worms
  4 dart slugs
  2 leopard geckos (D:6)
  23 orcs
  8 bats
  8 giant cockroaches
  5 goblins
  5 hobgoblins
  6 jackals
  5 quokkas
  7 frilled lizards
  7 kobolds
  12 rats
160 creatures vanquished.

Notes
Turn   | Place    | Note
-------+----------+-------------------------------------------
     0 | D:1      | Abzac the Minotaur Fighter began the quest for the Orb.
     0 | D:1      | Reached XP level 1. HP: 19/19 MP: 0/0
   228 | D:1      | Reached XP level 2. HP: 27/27 MP: 1/1
   929 | D:2      | Noticed Natasha
   938 | D:2      | Killed Natasha
   938 | D:2      | Reached skill level 4 in Armour
   938 | D:2      | Reached XP level 3. HP: 18/33 MP: 2/2
  1294 | D:2      | Reached XP level 4. HP: 37/40 MP: 3/3
  1687 | D:2      | Noticed Natasha
  1698 | D:2      | Killed Natasha
  1698 | D:2      | Reached skill level 5 in Long Blades
  1698 | D:2      | Reached XP level 5. HP: 34/46 MP: 4/4
  1949 | D:2      | Noticed Jessica
  1960 | D:2      | Killed Jessica
  2775 | D:2      | Noticed Natasha
  2783 | D:2      | Killed Natasha
  2783 | D:2      | Reached XP level 6. HP: 43/52 MP: 5/5
  2948 | D:3      | You fall into a shaft and drop 1 floor!
  4219 | D:4      | Reached skill level 5 in Fighting
  4219 | D:4      | Reached XP level 7. HP: 44/61 MP: 6/6
  4281 | D:5      | Entered Level 5 of the Dungeon
  4352 | D:5      | Reached skill level 1 in Dodging
  4429 | D:5      | Noticed Pikel
  4662 | D:5      | Reached skill level 5 in Armour
  5374 | D:6      | Found a staircase to the Ecumenical Temple.
  5401 | Temple   | Entered the Ecumenical Temple
  5427 | Temple   | Became a worshipper of Warmaster Okawaru
  5674 | D:6      | Reached skill level 6 in Armour
  5701 | D:6      | Reached XP level 8. HP: 49/68 MP: 7/7
  5850 | D:6      | Reached skill level 1 in Short Blades
  6141 | D:6      | Reached skill level 7 in Armour
  6425 | D:7      | Reached skill level 1 in Stealth
  6435 | D:7      | Reached * piety under Okawaru
  6797 | D:7      | Reached skill level 8 in Armour
  6965 | D:7      | Found a glowing golden altar of the Shining One.
  7198 | D:7      | Found a runed translucent door.
  7199 | D:7      | Noticed Crazy Yiuf
  7484 | D:7      | Killed Crazy Yiuf
  7556 | D:7      | Reached ** piety under Okawaru
  7556 | D:7      | Reached XP level 9. HP: 75/76 MP: 8/8
  7612 | D:7      | Reached skill level 5 in Shields
  7676 | D:8      | Reached skill level 9 in Armour
  7822 | D:8      | Found a white marble altar of Elyvilon.
  7835 | D:8      | Noticed Harold
  8385 | D:7      | HP: 2/79 [orc warrior/+0 dire flail (23)]
  8388 | D:7      | Mangled by an orc warrior

Illustrated notes

Levels and vault maps discovered:
D:1:      dpeg_arrival_round_a, layout_basic, st_stairs_12
D:2:      layout_basic, uniq_jessica, uniq_natasha
D:3:      wad_crossroads, layout_basic
D:4:      layout_loops_ring, first_ration
D:5:      layout_rooms, uniq_pikel
D:6:      layout_loops_cross, minmay_temple_entry_arrows
D:7:      layout_loops_ring, the_bakery, nicolae_tso_swordbearing_angel,
          uniq_crazy_yiuf_cottage
D:8:      layout_basic, lair_entry_dummy, elyvilon_altar_1, uniq_harold
Temple:   grunt_wide_crystal_templ

Skill      XL: |  1  2  3  4  5  6  7  8  9 |
---------------+----------------------------+-----
Long Blades    | 3 4 5 6 7 8 |  8.5
Fighting       | 4 5 6 7 |  7.2
Armour         | 4 6 8 9 |  9.1
Dodging        | 2 3 4 |  4.0
Short Blades   | 1 |  1.4
Stealth        | 1 |  1.6
Shields        | 4 5 |  5.4

Action                   |  1- 3 |  4- 6 |  7- 9 || total
-------------------------+-------+-------+-------++-------
Melee: Long sword        |    59 |   162 |    65 ||   286
       Headbutt          |     8 |    28 |    87 ||   123
       Short sword       |       |       |   295 ||   295
Invok: Heroism           |       |       |     1 ||     1
  Use: Scroll            |     4 |     2 |     2 ||     8
       Potion            |     1 |     1 |     7 ||     9
  Eat: Chunk             |     1 |     8 |     4 ||    13
       Ration            |       |     1 |     3 ||     4
Armor: Scale mail        |    26 |    71 |    60 ||   157
       Skin              |       |       |     3 ||     3
       Ring mail         |       |       |    21 ||    21
Dodge: Dodged            |    21 |    35 |   108 ||   164
Block: Kite shield       |    24 |    76 |   153 ||   253
       Rpst.: Long sword |     9 |    10 |     2 ||    21
